 Seeded DCSS version 0.28.0-45-g0d030f2227 (webtiles) character file.

Game seed: 14447413411792647702 (custom seed)

25578 zeratav the Severer (level 13, -9/129 HPs)
             Began as a Hill Orc Fighter on Apr 21, 2022.
             Was an Elder of Qazlal.
             Mangled by an orc knight
             ... wielding a +0 war axe
              (35 damage)
             ... on level 2 of the Orcish Mines.
             The game lasted 00:31:08 (13356 turns).

zeratav the Severer (Hill Orc Fighter)             Turns: 13356, Time: 00:31:09

Health: -9/129     AC: 19    Str: 30    XL:     13   Next: 20%
Magic:  9/24       EV:  7    Int:  8    God:    Qazlal [****..]
Gold:   1195       SH: 10    Dex: 10    Spells: 12/12 levels left

rFire   . . .      SeeInvis .   A - +8 mithril axe "Arga" {speed, Will+}
rCold   . . .      Faith    .   c - +0 buckler
rNeg    . . .      Spirit   .   x - +1 plate armour
rPois   .          Reflect  .   (no helmet)
rElec   .          Harm     .   (no cloak)
rCorr   .          Rampage  .   (no gloves)
Will    +....                   (no boots)
Stlth   ..........              M - amulet of Vitality {Regen+ HP+15}
HPRegen 1.11/turn               B - +6 ring of strength
MPRegen 0.19/turn               Q - +4 ring of protection

@: repel missiles
A: no striking features
a: Renounce Religion, Convert to Beogh, Upheaval, Elemental Force


You were on level 2 of the Orcish Mines.
You worshipped Qazlal.
Qazlal was greatly pleased with you.
You visited 3 branches of the dungeon, and saw 15 of its levels.
You also visited: Bailey.

You collected 1195 gold pieces.


   Skills:
 - Level 10.3 Fighting
 - Level 18.0 Axes
 - Level 10.0 Armour
 - Level 5.0 Shields
 + Level 15.3 Invocations


You had 12 spell levels left.
You didn't know any spells.
Your spell library contained the following spells:

 Spells                   Type           Power      Damage    Failure   Level
 Animate Skeleton         Necr           0%         N/A       99%         1
 Apportation              Tloc           0%         N/A       99%         1
 Foxfire                  Conj/Fire      0%         2x1d4     99%         1
 Magic Dart               Conj           0%         1d3       99%         1
 Summon Small Mammal      Summ           0%         N/A       99%         1
 Searing Ray              Conj           0%         2d4       99%         2
 Gell's Gravitas          Tloc           0%         N/A       100%        3
 Lesser Beckoning         Tloc           0%         N/A       100%        3
 Teleport Other           Tloc           0%         N/A       100%        3
 Fulminant Prism          Conj/Hex       0%         3d6       100%        4

Inventory:

Hand Weapons
 a - a +1 war axe of flaming {axe}
 y - the +3 whip of Skirmishing {flame, *Rage Int+5, mace}
   (You took it off an orc on level 8 of the Dungeon)

   It burns those it strikes, dealing additional fire damage.
   Int:       It affects your intelligence (+5).
   *Rage:     It berserks you when you make melee attacks (+20% chance).
 A - the +8 mithril axe "Arga" (weapon) {speed, Will+}
   (You found it on level 6 of the Dungeon)

   Attacks with this weapon are significantly faster.
   Will:      It increases your willpower.
Armour
 c - a +0 buckler (worn)
 d - +0 steam dragon scales
   (You found it on level 7 of the Dungeon)
 v - a +2 robe of willpower
   (You took it off Dowan on level 5 of the Dungeon)
 x - a +1 plate armour (worn)
   (You found it on level 5 of the Dungeon)
 K - a +0 chain mail of cold resistance
   (You found it on level 9 of the Dungeon)
 R - a +1 robe of fire resistance
   (You took it off an orc sorcerer on level 1 of the Orcish Mines)
 S - a +1 plate armour of poison resistance
   (You took it off an orc warrior on level 1 of the Orcish Mines)
 T - a +0 leather armour of cold resistance
   (You took it off an orc on level 2 of the Orcish Mines)
Jewellery
 g - a ring of positive energy
   (You found it on level 1 of the Dungeon)
 n - a ring of fire
   (You found it on level 3 of the Dungeon)
 w - a +6 ring of dexterity
   (You found it on level 8 of the Dungeon)
 B - a +6 ring of strength (left hand)
   (You found it on level 6 of the Dungeon)
 C - a +6 ring of intelligence
   (You found it on level 6 of the Dungeon)
 D - a ring of see invisible
   (You found it on level 6 of the Dungeon)
 M - the amulet of Vitality (around neck) {Regen+ HP+15}
   (You found it on level 9 of the Dungeon)

   [amulet of regeneration]

   HP:        It affects your health (+15).
   Regen:     It increases your rate of health regeneration.
 N - an amulet of the acrobat
   (You found it on level 10 of the Dungeon)
 P - an amulet of faith {!P}
   (You found it on level 10 of the Dungeon)
 Q - a +4 ring of protection (right hand)
   (You found it on level 10 of the Dungeon)
Wands
 r - a wand of iceblast (42)
   (You found it on level 5 of the Dungeon)
 s - a wand of polymorph (9)
   (You found it on level 7 of the Dungeon)
Scrolls
 b - 3 scrolls of amnesia
 e - 5 scrolls of teleportation {@r4}
 i - a scroll of holy word
 j - 3 scrolls of blinking {!r}
 m - 3 scrolls of enchant armour
 p - 2 scrolls of noise {!r}
 t - 2 scrolls of fog
 E - a scroll of immolation {!r!r}
 I - 2 scrolls of magic mapping {!r}
 J - a scroll of fear
 L - a scroll of summoning
Potions
 f - a potion of resistance {unknown}
 h - 2 potions of brilliance {unknown}
 l - 2 potions of curing {unknown}
 q - 3 potions of attraction {unknown}
 u - 4 potions of flight {unknown}
 z - 4 potions of might
 F - a potion of cancellation {unknown}
 G - a potion of magic {unknown}
 H - 3 potions of mutation {unknown}
 O - a potion of haste {@q3}

Dungeon Overview and Level Annotations

Branches:
Dungeon (12/15)            Temple (1/1) D:6            Lair (0/6) D:10
    Orc (2/2) D:10         Bailey (visited)
    Elf: Orc:2

Altars:
Ashenzari
Cheibriados
Dithmenos
Elyvilon
Fedhas
Gozag
Hepliaklqana
Kikubaaqudgha
Makhleb
Nemelex Xobeh
Okawaru
Qazlal
Ru
Sif Muna
Trog
Uskayaw
Vehumet
Wu Jian
Xom
Yredelemnul
Zin
The Shining One

Shops:
D:4 [   D:7 [   Orc:1 ( Orc:2

?! ##...## #... ##...
##.#.## .##.# ##..
#...## #o4 ##.
##.#.## #..# ###.
##...## ###..# #...
##.).## .#..# #...
##.))##o.. #####..
##..○#o#.#...
##.##...
##..@°.....###....#..
##.#)..#.###........
##.§°..###.........
#...###.#..###...
#.###......#.#.. ##
##.#.o....#.
####....##. ###o####.
##.#.##o..


You could see an orc knight (strong), an orc high priest (strong), a hellwing
(summoned) and an orc sorcerer (strong).


Message History

You slice the orc high priest!!
The orc warrior hits you from afar with a +0 halberd.
* * * LOW HITPOINT WARNING * * *
The orc high priest threatens, "By the altar or by the axe, you will meet Beogh!"
You block the orc high priest's attack.
HP[-1]
You take 1 damage, and now have 44/129 hp.
You slice the orc high priest!!
You hit the orc high priest but do no damage.
HP[+1]
The orc high priest shouts, "Join the one true god or die!"
You slash the orc high priest!
You kill the orc high priest!
Qazlal accepts your kill.
You barely miss the orc high priest. You block the orc warrior's attack.
The orc high priest hits you with a +0 hand axe.
* * * LOW HITPOINT WARNING * * *
HP[-1]
You take 1 damage, and now have 44/129 hp.
You slash the orc high priest! You slash the chaos spawn!
HP[+1]
You completely miss the orc high priest.
You completely miss the chaos spawn. You block the orc warrior's attack.
You block the chaos spawn's attack. You block the orc high priest's attack.
You hit the orc high priest. You slash the chaos spawn!
HP[+1]
You miss the orc high priest. You closely miss the chaos spawn.
The orc warrior barely misses you. You block the chaos spawn's attack.
MP[+1]
You slice the orc high priest!! You slice the chaos spawn!!
You kill the chaos spawn!
The chaos spawn degenerates into a cloud of primal chaos!
You hear a shout!
The orc knight roars a battlecry!
HP[+1]
You slice the orc high priest!!
The orc high priest shouts, "Join the one true god or die!"
You block the orc warrior's attack.
You slice the orc high priest!!
You kill the orc high priest!
Qazlal accepts your kill.
The smoke demon disappears in a puff of smoke!
You hear a shout!
An orc knight comes into view. It is wielding a +0 war axe.
Your Invocations skill increases to level 15!
HP[+1]
The orc knight unwields a +0 long sword.
The orc knight wields a +0 arbalest.
The orc knight shoots a bolt.
The bolt closely misses you.
HP[+1]
You hear a shout!
An orc sorcerer comes into view.
It is wielding a +0 dagger and wearing a +2 robe of positive energy.
The orc warrior hits you with a +0 halberd!
* * * LOW HITPOINT WARNING * * *
Things that are here:
a +0 mace {mace}; a +0 chain mail; an orc corpse HP[-15]
You take 15 damage, and now have 34/129 hp.
You slice the orc knight!!
You hit the orc warrior but do no damage.
You are no longer corroded.
The orc knight unwields a +0 arbalest.
The orc knight wields a +0 long sword.
The orc knight hits you with a +0 long sword!
* * * LOW HITPOINT WARNING * * *
HP[-12]
You take 12 damage, and now have 22/129 hp.
You slash the orc knight! You slash the orc warrior!
The orc warrior barely misses you.
The orc knight roars a battlecry!
The orc knight goes into a battle-frenzy!
HP[+1]
You closely miss the orc knight. You slash the orc warrior!
You kill the orc warrior!
Qazlal accepts your kill.
You slash the orc knight!
The orc knight is engulfed in blazing flames.
The orc knight hits you with a +0 long sword!!
* * * LOW HITPOINT WARNING * * *
HP[-18] MP[+1]
You take 18 damage, and now have 5/129 hp.
You feel much better.
You hear a shout!
The orc knight is engulfed in blazing flames.
You block the orc knight's attack.
An orc high priest comes into view. It is wielding a +0 mace.
The orc knight roars a battlecry!
The orc high priest goes into a battle-frenzy!
HP[+20]
You regained 20 hp, and now have 25/129 hp.
You hit the orc knight. You closely miss the orc knight.
You slash the orc knight!
You kill the orc knight!
Qazlal accepts your kill.
You hit the orc knight but do no damage.
HP[+1]
You hit the orc knight.
The orc high priest shouts, "Join the one true god or die!"
The orc high priest utters an invocation to Beogh.
The orc knight hits you with a +0 war axe!!
You die...

Skill      XL: |  1  2  3  4  5  6  7  8  9 10 11 12 13 |
---------------+----------------------------------------+-----
Axes           | 3 4 5 7 8 9 10 11 14 18 | 18.0
Fighting       | 6 8 10 | 10.3
Armour         | 6 8 10 | 10.0
Shields        | 5 |  5.0
Invocations    | 6 10 13 15 | 15.3

Action                   |  1- 3 |  4- 6 |  7- 9 | 10-12 | 13-15 || total
-------------------------+-------+-------+-------+-------+-------++-------
Melee: War axe           |    69 |   105 |   129 |       |       ||   303
       Broad axe         |       |       |   121 |   480 |    37 ||   638
Invok: Upheaval          |       |       |       |     1 |     1 ||     2
       Elemental Force   |       |       |       |     1 |       ||     1
       Disaster Area     |       |       |       |     1 |       ||     1
  Use: Scroll            |     2 |       |       |    13 |       ||    15
       Potion            |       |       |     2 |     1 |     4 ||     7
 Stab: Distracted        |       |       |       |     1 |       ||     1
Armor: Scale mail        |    30 |    45 |     1 |       |       ||    76
       Chain mail        |       |       |    32 |       |       ||    32
       Plate armour      |       |       |    80 |   125 |     6 ||   211
Dodge: Dodged            |    26 |    31 |    73 |    67 |    10 ||   207
       Repelled          |       |       |       |     1 |       ||     1
Block: Buckler           |     8 |    23 |    50 |   140 |    17 ||   238

Levels and vault maps discovered:
D:1:      dpeg_arrival_houses_and_road, layout_loops_ring, minmay_tromino_v4_a
D:2:      layout_loops_corners, shapermc_ecumenical_altar_rom_forum, st_stairs_8
D:3:      layout_basic, amcnicky_altar_gilded
D:4:      layout_rooms, xom_confusion_cloud, serial_shops, nicolae_shop_crystal
D:5:      layout_basic, lemuel_doored_altar, uniq_duvessa
D:6:      wad_woods_settlement, layout_loops_ring, minmay_temple_entry_grid
D:7:      layout_cave_pods, elyvilon_altar_5, cheibriados_altar_1, serial_shops,
          nicolae_shop_temple_entry_statues_fountains
D:8:      layout_rooms, lemuel_round_altar
D:9:      layout_basic, lemuel_tele_altar, nemelex_xobeh_ov_fountains_minmay,
          enter_bailey_2, kennysheep_generic_room_16
D:10:     layout_loops_ring, erik_lair_island, david_orc_4, grunt_ministairs_12,
          hangedman_abyss_or_decor_stabs
D:11:     layout_gridville, minivault_22, trog_butcher_becter
D:12:     layout_small_grid
Temple:   jpeg_temple_clearing
Orc:1:    layout_caves, serial_shops, nicolae_shop_statue_plus
Orc:2:    pf_orc_diabolical, layout_caves, serial_shops, bzr_entry_gold

Notes
Turn   | Place    | Note
-------+----------+-------------------------------------------
     0 | D:1      | zeratav the Hill Orc Fighter began the quest for the Orb.
     0 | D:1      | Reached XP level 1. HP: 19/19 MP: 1/1
     0 | D:1      | magus.rc [v1.9.6]
    50 | D:1      | Reached skill level 3 in Axes
   270 | D:1      | Reached XP level 2. HP: 24/26 MP: 2/2
   482 | D:1      | Reached skill level 4 in Axes
  1272 | D:2      | Found a faded altar of an unknown god.
  1275 | D:2      | Got Plato's Collected Works on Fire
  1414 | D:2      | Reached XP level 3. HP: 26/31 MP: 3/3
  1741 | D:2      | Reached skill level 5 in Axes
  1971 | D:3      | Reached XP level 4. HP: 21/39 MP: 4/4
  2184 | D:3      | Found a shadowy altar of Dithmenos.
  2347 | D:3      | You pick up a book of Cantrips and begin reading...
  2347 | D:3      | You add the spells Animate Skeleton, Summon Small Mammal
                  | and Apportation to your library.
  2365 | D:3      | Reached skill level 6 in Axes
  3052 | D:4      | Found a shimmering altar of Xom.
  3076 | D:4      | Noticed a black bear
  3243 | D:4      | Killed a black bear
  3244 | D:4      | Reached skill level 7 in Axes
  3244 | D:4      | Reached XP level 5. HP: 22/45 MP: 5/5
  3490 | D:4      | Found Igoudoad's Antique Armour Shoppe.
  3503 | D:4      | Reached skill level 8 in Axes
  3503 | D:4      | Reached XP level 6. HP: 34/51 MP: 6/6
  3744 | D:4      | Reached skill level 9 in Axes
  4107 | D:5      | Entered Level 5 of the Dungeon
  4119 | D:4      | Reached XP level 7. HP: 57/57 MP: 7/7
  4236 | D:5      | You pick up a book of Displacement and begin reading...
  4236 | D:5      | You add the spells Lesser Beckoning, Gell's Gravitas and
                  | Teleport Other to your library.
  4345 | D:5      | Reached skill level 10 in Axes
  4345 | D:5      | Reached skill level 4 in Fighting
  4472 | D:5      | Reached skill level 5 in Fighting
  4631 | D:5      | Noticed Dowan
  4632 | D:5      | Noticed Duvessa
  4665 | D:5      | Killed Dowan
  4666 | D:5      | Reached skill level 6 in Fighting
  4684 | D:5      | Killed Duvessa
  4685 | D:5      | Reached XP level 8. HP: 36/71 MP: 8/8
  4690 | D:5      | Reached skill level 7 in Fighting
  4993 | D:5      | Reached skill level 8 in Fighting
  5159 | D:5      | Reached skill level 4 in Armour
  5159 | D:5      | Reached skill level 4 in Shields
  5670 | D:5      | Found a glowing golden altar of the Shining One.
  5811 | D:5      | Reached skill level 5 in Armour
  5811 | D:5      | Reached skill level 5 in Shields
  6009 | D:6      | Reached skill level 6 in Armour
  6009 | D:6      | Reached XP level 9. HP: 72/81 MP: 9/9
  6232 | D:6      | Found the +8 mithril axe "Arga" {speed, Will+}
  6296 | D:6      | Reached skill level 7 in Armour
  6408 | D:6      | Found a staircase to the Ecumenical Temple.
  6507 | Temple   | Entered the Ecumenical Temple
  6630 | Temple   | Became a worshipper of Qazlal Stormbringer
  6672 | D:6      | Reached skill level 1 in Invocations
  6796 | D:6      | Reached skill level 2 in Invocations
  7324 | D:7      | Found a snail-covered altar of Cheibriados.
  7335 | D:7      | Reached skill level 3 in Invocations
  7424 | D:7      | Found a white marble altar of Elyvilon.
  7553 | D:7      | Reached skill level 11 in Axes
  7553 | D:7      | Reached skill level 8 in Armour
  7594 | D:7      | Reached skill level 4 in Invocations
  7919 | D:7      | Found Daki Meu's Antique Armour Shop.
  8349 | D:8      | Identified the +3 whip of Skirmishing {flame, *Rage Int+5}
  8359 | D:8      | Reached * piety under Qazlal
  8428 | D:8      | Reached skill level 5 in Invocations
  8500 | D:8      | Found a sacrificial altar of Ru.
  8621 | D:9      | Found a flagged portal.
  8630 | Bailey   | Entered a bailey
  8642 | Bailey   | Reached skill level 6 in Invocations
  8642 | Bailey   | Reached XP level 10. HP: 52/88 MP: 14/14
  8643 | Bailey   | Reached skill level 12 in Axes
  8865 | Bailey   | Reached skill level 7 in Invocations
  8891 | Bailey   | Noticed a vault guard
  8891 | Bailey   | Noticed Prince Ribbit
  8928 | Bailey   | Killed a vault guard
  8929 | Bailey   | Reached skill level 8 in Invocations
  9010 | Bailey   | Reached skill level 13 in Axes
  9123 | Bailey   | Killed Prince Ribbit
  9153 | Bailey   | Noticed a vault guard
  9165 | Bailey   | Killed a vault guard
  9166 | Bailey   | Reached skill level 9 in Invocations
  9350 | Bailey   | Reached skill level 14 in Axes
  9354 | Bailey   | Reached ** piety under Qazlal
  9355 | Bailey   | Reached skill level 10 in Invocations
  9433 | D:9      | Found a sparkling altar of Nemelex Xobeh.
  9456 | D:9      | Reached XP level 11. HP: 90/94 MP: 18/18
  9686 | D:9      | Reached skill level 15 in Axes
 10039 | D:9      | Found an opulent altar of Gozag.
 10098 | D:9      | Found the amulet of Vitality {Regen+ HP+15}
 10141 | D:10     | Entered Level 10 of the Dungeon
 10145 | D:10     | You fall into a shaft and drop 2 floors!
 10154 | D:12     | Noticed a two-headed ogre
 10170 | D:12     | Killed a two-headed ogre
 10181 | D:12     | Noticed a sun demon
 10218 | D:11     | Reached skill level 16 in Axes
 10253 | D:11     | Noticed a sun demon
 10388 | D:10     | Found a staircase to the Lair.
 10395 | D:10     | Noticed a two-headed ogre
 10405 | D:10     | Killed a two-headed ogre
 10589 | D:10     | Reached skill level 17 in Axes
 10614 | D:10     | HP: 27/109 [electric eel/bolt of electricity (9)]
 11189 | D:10     | Reached *** piety under Qazlal
 11334 | D:10     | Reached skill level 18 in Axes
 11411 | D:10     | You pick up a book of Conjurations {@e2} and begin
                  | reading...
 11411 | D:10     | You add the spells Magic Dart, Searing Ray and Fulminant
                  | Prism to your library.
 11588 | D:10     | Found a staircase to the Orcish Mines.
 11692 | D:11     | Reached XP level 12. HP: 103/103 MP: 19/19
 11752 | D:11     | Found a bloodstained altar of Trog.
 12020 | D:11     | Noticed a two-headed ogre
 12028 | D:11     | Killed a two-headed ogre
 12029 | D:11     | Reached skill level 9 in Fighting
 12029 | D:11     | Reached skill level 9 in Armour
 12643 | Orc:1    | Entered Level 1 of the Orcish Mines
 12648 | Orc:1    | Reached **** piety under Qazlal
 12725 | Orc:1    | Noticed an orc warlord
 12751 | Orc:1    | Killed an orc warlord
 12752 | Orc:1    | Reached skill level 10 in Fighting
 12840 | Orc:1    | Reached skill level 10 in Armour
 12993 | Orc:1    | Found Cyesi's Antique Weapon Boutique.
 13061 | Orc:2    | Entered Level 2 of the Orcish Mines
 13103 | Orc:2    | Reached skill level 11 in Invocations
 13230 | Orc:2    | Found Ceomefrie's Distillery.
 13233 | Orc:2    | Found Xugg's Magic Scroll Boutique.
 13261 | Orc:2    | Reached skill level 12 in Invocations
 13272 | Orc:2    | Reached ***** piety under Qazlal
 13300 | Orc:2    | Reached skill level 13 in Invocations
 13308 | Orc:2    | Reached XP level 13. HP: 45/114 MP: 14/23
 13320 | Orc:2    | Paralysed by an orc sorcerer for 3 turns
 13322 | Orc:2    | HP: 32/129 [orc warrior/+0 halberd (3)]
 13329 | Orc:2    | Reached skill level 14 in Invocations
 13329 | Orc:2    | HP: 32/129 [orc warrior/+0 halberd (8)]
 13347 | Orc:2    | Reached skill level 15 in Invocations
 13349 | Orc:2    | HP: 22/129 [orc knight/+0 long sword (12)]
 13352 | Orc:2    | HP: 5/129 [orc knight/+0 long sword (19)]
 13356 | Orc:2    | Mangled by an orc knight

Vanquished Creatures
  An orc warlord (Orc:1)
  2 vault guards (Bailey)
  3 two-headed ogres
  2 orc high priests (Orc:2)
  2 sixfirhies (Orc:2)
  4 orc knights (Orc:2)
  A cyclops (Orc:1)
  6 orc sorcerers
  A rust devil (Orc:2)
  A gargoyle (D:11)
  2 kobold demonologists
  A komodo dragon (D:9)
  2 trolls
  Prince Ribbit (Bailey)
  3 shadows
  A ynoxinul (Orc:2)
  7 yaks
  2 wraiths (D:10)
  A steam dragon (D:7)
  7 humans (Bailey)
  A chaos spawn (Orc:2)
  3 wargs
  A water moccasin (D:5)
  2 ice beasts
  Duvessa (D:5)
  32 orc warriors
  2 sky beasts (D:5)
  2 black bears
  A necrophage (D:6)
  3 ogres
  A wolf (D:10)
  A phantom (D:6)
  9 centaurs
  A kobold brigand (D:7)
  13 bullfrogs (Bailey)
  3 gnoll sergeants
  A water moccasin zombie (D:5)
  A scorpion (D:11)
  Dowan (D:5)
  3 killer bees (D:7)
  3 electric eels (D:10)
  4 howler monkeys
  2 jellies (D:5)
  3 centaur zombies
  7 hounds
  23 orc priests
  A bullfrog skeleton (D:6)
  2 centaur skeletons
  A gnoll shaman (D:8)
  8 iguanas
  21 orc wizards
  22 gnolls
  2 howler monkey zombies (D:8)
  8 adders
  3 river rats (D:6)
  A white imp (D:8)
  3 ufetubi
  An adder skeleton (D:4)
  An adder zombie (D:5)
  A worm (D:2)
  3 dart slugs
  86 orcs
  12 endoplasms
  A giant cockroach (D:2)
  6 hobgoblins
  3 quokkas
  7 ball pythons
  6 bats
  4 goblins
  8 kobolds
  3 rats
388 creatures vanquished.

Vanquished Creatures (collateral kills)
  2 orc warriors (Orc:1)
  An ogre (Orc:1)
3 creatures vanquished.

Vanquished Creatures (others)
  An orc wizard (D:6)
  27 plants (D:6)
28 creatures vanquished.

Grand Total: 419 creatures vanquished

Table legend:
 A = Non-vault XP
 B = Vault XP
 C = Vault XP percentage of total XP
 D = Non-vault monster count
 E = Vault monster count
 F = Vault count percentage of total count
                 A         B        C        D         E       F
            +---------+---------+-------+---------+---------+-------
      Total |   19701 |   16840 |  46.1 |     267 |     125 |  31.9
            +---------+---------+-------+---------+---------+-------
        D:1 |      20 |       4 |  16.7 |      12 |       2 |  14.3
        D:2 |      16 |      17 |  51.5 |       8 |       2 |  20.0
        D:3 |      70 |       0 |   0.0 |      13 |       0 |   0.0
        D:4 |     366 |     168 |  31.5 |      20 |       8 |  28.6
        D:5 |    1309 |     196 |  13.0 |      35 |       2 |   5.4
        D:6 |     957 |      81 |   7.8 |      21 |       6 |  22.2
        D:7 |     742 |       0 |   0.0 |      16 |       0 |   0.0
        D:8 |     547 |       0 |   0.0 |      21 |       0 |   0.0
        D:9 |    1848 |      78 |   4.0 |      17 |       2 |  10.5
       D:10 |    2909 |    1579 |  35.2 |      22 |      26 |  54.2
       D:11 |    3296 |     291 |   8.1 |      23 |       4 |  14.8
       D:12 |    1265 |       0 |   0.0 |       3 |       0 |   0.0
      Orc:1 |    4066 |       0 |   0.0 |      33 |       0 |   0.0
      Orc:2 |    2290 |    9869 |  81.2 |      23 |      45 |  66.2
     Bailey |       0 |    4557 | 100.0 |       0 |      28 | 100.0
            +---------+---------+-------+---------+---------+-------

Illustrated notes

Table legend:
 A = Kills in this place as a percentage of kills in entire the game.
 B = Kills by you in this place as a percentage of kills by you in the entire game.
 C = Kills by friends in this place as a percentage of kills by friends in the entire game.
 D = Other kills in this place as a percentage of other kills in the entire game.
 E = Experience gained in this place as a percentage of experience gained in the entire game.
 F = Experience gained in this place divided by the number of levels of this place that you have seen.
                   A       B       C       D       E      F
               +-------+-------+-------+-------+-------+----------------------
         Total | 100.0 | 100.0 | 100.0 | 100.0 | 100.0 | 2283.8
       Dungeon |  67.1 |  67.5 |   0.0 | 100.0 |  43.1 | 1313.2
  Orcish Mines |  25.8 |  25.3 | 100.0 |   0.0 |  44.4 | 8112.5
        Bailey |   7.1 |   7.2 |   0.0 |   0.0 |  12.5 | 4557.0
               +-------+-------+-------+-------+-------+----------------------

Table legend: (Time is in decaauts)
 A = Elapsed time spent in this place.
 B = Non-inter-level travel time spent in this place.
 C = Inter-level travel time spent in this place.
 D = Time resting spent in this place.
 E = Time spent auto-exploring this place.
 F = Levels seen in this place.
 G = Mean time per level.
                   A        B        C        D        E       F      G
               +--------+--------+--------+--------+--------+-----+--------+
         Total |  13171 |  12777 |    394 |   2483 |   7941 |  16 |  823.2 |
       Dungeon |  11635 |  11320 |    315 |   1976 |   7493 |  12 |  969.6 |
        Temple |    150 |     95 |     55 |      0 |     82 |   1 |  150.0 |
  Orcish Mines |    616 |    592 |     24 |     29 |    338 |   2 |  308.0 |
        Bailey |    768 |    768 |      0 |    478 |     28 |   1 |  768.0 |
               +--------+--------+--------+--------+--------+-----+--------+

Top non-repeatable levels by time:
     D:5: 1772 daAuts
     D:3: 1431 daAuts
    D:10: 1185 daAuts
     D:1: 1093 daAuts
     D:6: 1060 daAuts
    D:11: 1035 daAuts
     D:9: 913 daAuts
     D:4: 868 daAuts
     D:2: 867 daAuts
     D:7: 846 daAuts
  Bailey: 768 daAuts
     D:8: 520 daAuts
   Orc:1: 391 daAuts
   Orc:2: 225 daAuts
  Temple: 150 daAuts
